 Dungeon Crawl Stone Soup version 0.31.0-32-g396128a36d (webtiles) character file.

Game seed: 6409916941860714801

2602 MollyMolluskus the Ruffian (level 9, -2/62 HPs)
             Began as an Octopode Fighter on Apr 1, 2024.
             Was a Believer of Wu Jian.
             Slain by a gnoll
             ... wielding a +0 halberd
              (15 damage)
             ... in a bailey.
             The game lasted 00:20:20 (5761 turns).

MollyMolluskus the Ruffian (Octopode Fighter)       Turns: 5761, Time: 00:20:22

Health: -2/62      AC:  1    Str: 19    XL:     9   Next: 59%
Magic:  0/9        EV: 13    Int: 11    God:    Wu Jian [**....]
Gold:   997        SH: 10    Dex: 11    Spells: 8/8 levels left

rFire   . . .        a - +6 shillelagh "Devastator" {shatter}
rCold   + . .        s - +2 kite shield
rNeg    . . .        (helmet restricted)
rPois   .            e - amulet of guardian spirit
rElec   .            c - ring of protection from cold
rCorr   .            A - ring of see invisible
SInv    +            (no ring)
Will    .....        (no ring)
Stlth   +++          (no ring)
HPRegen 0.30/turn    (no ring)
MPRegen 0.11/turn    (no ring)
                     (no ring)

%: guardian spirit
@: no status effects
A: almost no armour, amphibious, 8 rings, camouflage 1, gelatinous body 1,
(nimble swimmer 1), tentacles
a: Renounce Religion, Wall Jump


You were in a bailey.
You worshipped Wu Jian.
Wu Jian was pleased with you.
You visited 2 branches of the dungeon, and saw 9 of its levels.
You also visited: Bailey.

You collected 1241 gold pieces.
You spent 244 gold pieces at shops.

Inventory:

Hand Weapons
 a - the +6 shillelagh "Devastator" (weapon) {shatter}
   (You found it on level 7 of the Dungeon)
Missiles
 o - 7 boomerangs (quivered)
 z - 3 poisoned darts
Armour
 s - a +2 kite shield (worn)
Jewellery
 c - a ring of protection from cold (left tentacle)
 e - an amulet of guardian spirit (around mantle)
 f - a ring of ice
 h - an amulet of reflection
 A - a ring of see invisible (right tentacle)
Talismans
 q - a blade talisman
 u - a maw talisman
Wands
 y - a wand of polymorph (4)
Scrolls
 g - a scroll of immolation
 n - 2 scrolls of poison
 t - a scroll of fog
 w - a scroll of fear
 x - a scroll of teleportation
Potions
 b - 3 potions of might
 d - 2 potions of ambrosia
 i - 2 potions of curing
 j - 2 potions of attraction
 l - a potion of lignification
 m - 2 potions of mutation
 p - a potion of haste
 r - 3 potions of resistance
 v - 3 potions of heal wounds
 B - 2 potions of invisibility


   Skills:
 + Level 6.3 Fighting
 * Level 4.5 Maces & Flails
 + Level 6.2 Dodging
 - Level 4.0 Stealth
 - Level 4.0 Shields
 - Level 6.5 Unarmed Combat
 + Level 4.2 Shapeshifting


You had 8 spell levels left.
You didn't know any spells.
Your spell library contained the following spells:

 Spells                   Type           Power      Damage    Failure   Level
 Kiss of Death            Conj/Necr      0%         2d5       65%         1
 Sandblast                Erth           0%         2d4       65%         1
 Confusing Touch          Hex            0%         N/A       95%         3
 Passwall                 Erth           0%         N/A       95%         3
 Stone Arrow              Conj/Erth      0%         3d7       95%         3
 Brom's Barrelling Bould  Conj/Erth      0%         2d3       100%        4
 Dispel Undead            Necr           0%         3d6       100%        4
 Lehudib's Crystal Spear  Conj/Erth      0%         10d2      100%        8
 Animate Armour           Summ/Erth      Unusable   N/A       N/A         4

Dungeon Overview and Level Annotations

Branches:
Dungeon (8/15)             Temple (1/1) D:4          Bailey (1/1)
   Lair: D:8-11

Altars:
Ashenzari
Cheibriados
Elyvilon
Gozag
Hepliaklqana
Kikubaaqudgha
Makhleb
Nemelex Xobeh
Okawaru
Qazlal
Ru
Sif Muna
Trog
Vehumet
Wu Jian
Xom
Yredelemnul
Zin
The Shining One

Shops:
D:4 *

Annotations:
D:4 3 runed translucent doors, Tripartite's ghost, weakling MfDe


Innate Abilities, Weirdness & Mutations

You cannot wear most types of armour.
You are amphibious.
You can wear up to eight rings at the same time.
Your skin changes colour to match your surroundings (Stealth+).
Your rubbery body absorbs attacks. (AC +1, EV +1)
((You are camouflaged when in or above water. (Stealth+)))
You have tentacles for arms and can constrict up to eight enemies at once.


Message History

You lunge at the gnoll.
You barely miss the gnoll. Your grab misses the gnoll.
The gnoll is severely wounded.
The gnoll misses you.
The gnoll hits you from afar with a +0 halberd!
Unknown command.
You thump the gnoll!
The gnoll shudders.
The gnoll is severely wounded.
You kill the gnoll!
The Council accepts your kill. The gnoll barely misses you.
Unknown command.
You lunge at the gnoll.
You closely miss the gnoll. You grab the gnoll. Your squeeze misses the gnoll.
The gnoll is severely wounded.
You constrict the gnoll.
The gnoll hits you from afar with a +0 spear.
The gnoll closely misses you. You block the gnoll's attack.
Items here: ( ) [ ††.
Unknown command.
You hit the gnoll.
The gnolls shudder.
The gnoll is moderately wounded. x2
The gnoll is almost dead.
You constrict the gnoll, but do no damage.
The gnoll misses you. You block the gnoll's attack.
The gnoll hits you from afar with a +0 halberd!
Unknown command.
You completely miss the gnoll.
The gnoll is almost dead.
You constrict the gnoll, but do no damage.
You block the gnoll's attack. The gnoll misses you.
You block the gnoll's attack. The gnoll barely misses you.
Unknown command.
You hit the gnoll but do no damage.
The gnoll is almost dead.
You constrict the gnoll, but do no damage.
The gnoll hits you from afar with a +0 halberd!
* * * LOW HITPOINT WARNING * * *
You block the gnoll's attack. The gnoll closely misses you.
The gnoll misses you. The gnoll hits you with a +0 halberd!
You die...

######+++######
...............
...............
≈≈≈≈≈≈...≈≈≈≈≈≈
...............
...........♣
♣..gg...♣ ♣.g.♣
♣♣@♣♣ ♣.♣ ♣∩♣
###


You could see 3 gnolls.

Vanquished Creatures
  Pikel (D:7)
  Menkaure (D:7)
  A water moccasin (D:6)
  Duvessa (D:5)
  2 ice beasts (D:7)
  A sky beast (D:7)
  A black bear (D:5)
  An orc warrior (D:6)
  2 ogres
  4 lemures (D:7)
  2 bullfrogs (D:8)
  2 scorpions (D:6)
  Dowan (D:5)
  2 bombardier beetles
  4 hounds
  4 jellies
  4 orc priests
  A sleepcap (D:6)
  2 iguanas
  2 orc wizards (D:7)
  5 gnolls
  13 adders
  2 white imps
  2 ufetubi (D:6)
  6 dart slugs
  14 orcs
  4 endoplasms
  3 giant cockroaches
  3 goblins
  6 hobgoblins
  3 jackals (D:2)
  4 quokkas
  5 ball pythons
  6 bats
  3 frilled lizards (D:1)
  8 kobolds
  6 rats
132 creatures vanquished.

Vanquished Creatures (others)
  An orc wizard (D:6)
1 creature vanquished.

Grand Total: 133 creatures vanquished

Notes
Turn   | Place    | Note
-------+----------+-------------------------------------------
     0 | D:1      | MollyMolluskus the Octopode Fighter began the quest for the
                  | Orb.
     0 | D:1      | Reached XP level 1. HP: 16/16 MP: 1/1
   144 | D:1      | Reached XP level 2. HP: 21/21 MP: 2/2
   190 | D:1      | Reached skill level 1 in Stealth
   339 | D:1      | Reached XP level 3. HP: 21/26 MP: 3/3
   879 | D:2      | Reached XP level 4. HP: 27/31 MP: 4/4
  2123 | D:3      | Noticed an ogre
  2133 | D:3      | Reached XP level 5. HP: 35/36 MP: 3/5
  2137 | D:3      | Killed an ogre
  2364 | D:4      | Identified a scroll of acquirement
  2364 | D:4      | Acquired 891 gold pieces
  2401 | D:4      | Noticed an ogre
  2424 | D:4      | Found a staircase to the Ecumenical Temple.
  2442 | Temple   | Entered the Ecumenical Temple
  2452 | Temple   | Became a worshipper of the Wu Jian Council
  2471 | D:4      | Killed an ogre
  2471 | D:4      | HP: 1/37 [adder (2)]
  2472 | D:4      | Reached XP level 6. HP: 1/43 MP: 0/6
  2658 | D:4      | Found a runed translucent gate.
  2658 | D:4      | Found a runed translucent gate.
  2658 | D:4      | Found a runed translucent gate.
  2660 | D:4      | Noticed Tripartite's ghost (weakling MfDe)
  3027 | D:4      | Found Keacit's General Store.
  3035 | D:4      | Bought a potion of resistance for 130 gold pieces
  3035 | D:4      | Bought a wand of iceblast (2) for 62 gold pieces
  3035 | D:4      | Bought a scroll of fog for 52 gold pieces
  3206 | D:5      | Entered Level 5 of the Dungeon
  3221 | D:5      | Reached * piety under Wu Jian
  3249 | D:5      | Reached XP level 7. HP: 48/48 MP: 7/7
  3552 | D:5      | Reached skill level 1 in Shapeshifting
  3747 | D:5      | Noticed Dowan
  3750 | D:5      | Reached skill level 5 in Unarmed Combat
  3752 | D:5      | Noticed Duvessa
  3760 | D:5      | Killed Duvessa
  3762 | D:5      | Killed Dowan
  3898 | D:6      | Reached XP level 8. HP: 41/54 MP: 5/8
  4070 | D:6      | Reached skill level 5 in Fighting
  4171 | D:6      | Reached skill level 5 in Dodging
  4261 | D:6      | Found a sacrificial altar of Ru.
  4296 | D:6      | Reached ** piety under Wu Jian
  4748 | D:7      | Found the +6 shillelagh "Devastator" {shatter}
  4789 | D:7      | Noticed Menkaure
  4795 | D:7      | Killed Menkaure
  4796 | D:7      | Reached skill level 1 in Maces & Flails
  4848 | D:7      | Noticed Pikel
  4872 | D:7      | Killed Pikel
  4873 | D:7      | Reached XP level 9. HP: 29/62 MP: 3/9
  5729 | D:8      | Found a flagged portal.
  5746 | Bailey   | Entered a bailey
  5761 | Bailey   | Slain by a gnoll

Illustrated notes

Levels and vault maps discovered:
D:1:      lightli_arrival_isolated_outpost, layout_rooms, minmay_distorted
D:2:      layout_loops_ring
D:3:      layout_loops_ring
D:4:      layout_basic, minmay_temple_entry_waves, gammafunk_ghost_necromancy,
          serial_shops, shop
D:5:      layout_basic, amethyst_killhole, uniq_duvessa
D:6:      layout_basic, mainiacjoe_overflow_brackets, minmay_between
D:7:      layout_basic, uniq_pikel, uniq_menkaure
D:8:      layout_basic, grunt_dithmenos_smoke_and_mirrors, enter_bailey_6
Temple:   mainiacjoe_temple_bowtie_tessellation
Bailey:   bailey_polearm_gnolls_kennysheep, bailey

Skill      XL: |  1  2  3  4  5  6  7  8  9 |
---------------+----------------------------+-----
Stealth        | 1 2 3 4 |  4.0
Unarmed Combat | 3 4 5 6 |  6.5
Fighting       | 4 5 6 |  6.3
Dodging        | 4 5 6 |  6.2
Shields        | 4 |  4.0
Shapeshifting  | 2 3 4 |  4.2
Maces & Flails | 3 4 |  4.5

Action                     |  1- 3 |  4- 6 |  7- 9 || total
---------------------------+-------+-------+-------++-------
  Melee: Unarmed           |    81 |    96 |    94 ||   271
         Constrict         |    17 |    24 |    35 ||    76
         Tentacles         |     8 |    20 |    32 ||    60
         Punch             |     3 |     3 |     3 ||     9
         Shillelagh        |       |       |    57 ||    57
  Throw: Stone             |     2 |     9 |       ||    11
         Boomerang         |       |       |     8 ||     8
Ability: Lunge             |       |    10 |    25 ||    35
  Evoke: Wand              |       |       |     2 ||     2
    Use: Scroll            |     6 |     5 |     9 ||    20
         Potion            |       |     4 |     2 ||     6
   Stab: Sleeping          |     2 |     9 |    12 ||    23
 Armour: Skin              |    31 |    44 |    80 ||   155
  Dodge: Dodged            |    35 |    31 |    55 ||   121
  Block: Buckler           |    13 |    11 |     5 ||    29
         Kite shield       |       |       |    28 ||    28
